 Dungeon Sprint DCSS version 0.24-a0-535-gbb0d440 (webtiles) character file.

Game seed: 16625182786150957399

1870 stupendous the Fencer (level 9, 0/66 HPs)
             Began as a Formicid Fighter on Aug 9, 2019.
             Was an Elder of Okawaru.
             Slain by a centaur warrior (4 damage)
             ... in the Dungeon (Sprint I: "Red Sonja").
             The game lasted 00:03:29 (1268 turns).

stupendous the Fencer (Formicid Fighter)            Turns: 1268, Time: 00:03:30

Health: 0/66       AC: 10    Str: 27    XL:     9   Next: 35%
Magic:  8/10       EV: 11    Int:  7    God:    Okawaru [****..]
Gold:   159        SH: 15    Dex: 13    Spells: 8/8 levels left

rFire    . . .     SeeInvis +   a - +0 long sword
rCold    . . .     Gourm    .   c - +0 shield
rNeg     . . .     Faith    .   l - +0 chain mail
rPois    .         Spirit   .   (helmet unavailable)
rElec    .         Reflect  .   m - -2 cloak (curse)
rCorr    .         Harm     .   (no gloves)
MR       .....                  (no boots)
Stlth    ..........             (no amulet)
HPRegen  0.21/turn              (no ring)
MPRegen  0.12/turn              (no ring)

@: mighty, heroism
A: permanent stasis, dig shafts and tunnels, four strong arms, antennae 3
a: Dig, Heroism, Renounce Religion


You were in the Dungeon.
You worshipped Okawaru.
Okawaru was greatly pleased with you.
You were very hungry.

You visited 1 branch You collected 419 gold pieces.
You spent 260 gold pieces at shops.

Inventory:

Hand Weapons
 a - a +0 long sword (weapon)
Armour
 b - a +0 scale mail
 c - a +0 shield (worn)
 l - a +0 chain mail (worn)
 m - a cursed -2 cloak (worn)
Wands
 n - a wand of acid (5)
Scrolls
 k - a scroll of blinking
Potions
 i - 3 potions of magic
Comestibles
 f - a ration


   Skills:
 - Level 4.5(9.5) Fighting
 + Level 16.7(21.7) Long Blades
 - Level 4.5(9.5) Armour
 - Level 10.3(15.3) Shields
 - Level 1.7 Invocations


You had 8 spell levels left.
You didn't know any spells.
Your spell library was empty.

Dungeon Overview and Level Annotations

Branches:
Dungeon (1/1)

Altars:
Cheibriados
Dithmenos
Elyvilon
Fedhas
Gozag
Hepliaklqana
Kikubaaqudgha
Makhleb
Nemelex Xobeh
Okawaru
Qazlal
Ru
Sif Muna
Trog
Uskayaw
Vehumet
Wu Jian
Xom
Yredelemnul
Zin
The Shining One
Jiyva
Lugonu

Shops:
D }


Innate Abilities, Weirdness & Mutations

You cannot be hasted, slowed, berserked, paralysed or teleported.
You can dig through walls and to a lower floor.
Your four strong arms can wield two-handed weapons with a shield.
You have a pair of large antennae on your head. (SInv)


Message History

You slash the centaur warrior!
The centaur warrior is lightly wounded.
You block the centaur warrior's attack.
You closely miss the centaur warrior.
The centaur warrior is lightly wounded.
You block the centaur warrior's attack.
You slash the centaur warrior!
The centaur warrior is moderately wounded.
The centaur warrior hits you but does no damage.
You block the centaur warrior's attack.
You slash the centaur warrior!
The centaur warrior is severely wounded.
The centaur warrior hits you!
* * * LOW HITPOINT WARNING * * *
You feel very mighty all of a sudden. The centaur warrior barely misses you.
You slash the centaur warrior!
The centaur warrior is almost dead.
The centaur warrior hits you.
You die...

##########################
#<.#..').#..'..#__#.)+...#
#..'÷.#..').#..'..'.÷#.s.#
#..#####'#####'#__####{.{ss.#
#..####..#...#)####§§#####s.+
#..#__.###..##§#§§§.c# ##
#..#_____##'#_.§§§§§§+ {
#⌠⌠#_.∩...'..c_#≈§≈.§#
####_..__##_.#@##+####
#_____###+#(# ####### ### { {
{ { {{ { {


You could see a centaur warrior.

Vanquished Creatures
  A centaur warrior (D)
  2 kobold demonologists (D)
  A slime creature (D)
  Sigmund (D)
  A yak (D)
  A floating eye (D)
  An ogre (D)
  A jelly (D)
  Ijyb (D)
10 creatures vanquished.

Vanquished Creatures (others)
  A gargoyle (D)
1 creature vanquished.

Grand Total: 11 creatures vanquished

Notes
Turn   | Place    | Note
-------+----------+-------------------------------------------
     0 | D        | stupendous the Formicid Fighter began the quest for the
                  | Orb.
     0 | D        | Reached XP level 1. HP: 18/18 MP: 1/1
     1 | D        | Noticed Ijyb
    13 | D        | Killed Ijyb
    13 | D        | Reached skill level 3 in Long Blades
    13 | D        | Reached skill level 5 in Shields
    13 | D        | Reached XP level 2. HP: 17/26 MP: 2/2
    13 | D        | Reached XP level 3. HP: 20/31 MP: 3/3
   118 | D        | Noticed an ogre
   123 | D        | Killed an ogre
   123 | D        | Reached skill level 6 in Long Blades
   123 | D        | Reached XP level 4. HP: 29/38 MP: 4/4
   123 | D        | Reached XP level 5. HP: 32/43 MP: 5/5
   201 | D        | Found a glowing silver altar of Zin.
   201 | D        | Found a white marble altar of Elyvilon.
   201 | D        | Found a bloodstained altar of Trog.
   201 | D        | Found a blossoming altar of Fedhas.
   201 | D        | Found an iron altar of Okawaru.
   201 | D        | Found a stormy altar of Qazlal.
   201 | D        | Found a glowing golden altar of the Shining One.
   201 | D        | Found Myvipi's Gadget Emporium.
   201 | D        | Found an ancient bone altar of Kikubaaqudgha.
   201 | D        | Found a hide-covered altar of Uskayaw.
   201 | D        | Found a hazy altar of Hepliaklqana.
   201 | D        | Found a basalt altar of Yredelemnul.
   201 | D        | Found a snail-covered altar of Cheibriados.
   201 | D        | Found an opulent altar of Gozag.
   201 | D        | Found a sacrificial altar of Ru.
   201 | D        | Found a sparkling altar of Nemelex Xobeh.
   201 | D        | Found a shadowy altar of Dithmenos.
   201 | D        | Noticed a yak
   203 | D        | Became a worshipper of Warmaster Okawaru
   214 | D        | Killed a yak
   214 | D        | Reached * piety under Okawaru
   214 | D        | Reached skill level 8 in Long Blades
   214 | D        | Reached skill level 10 in Shields
   214 | D        | Reached XP level 6. HP: 35/49 MP: 6/6
   302 | D        | Noticed Sigmund
   313 | D        | Killed Sigmund
   313 | D        | Reached skill level 10 in Long Blades
   313 | D        | Reached XP level 7. HP: 42/55 MP: 7/7
   392 | D        | Found a shimmering blue altar of Sif Muna.
   393 | D        | Found an ornate altar of the Wu Jian Council.
   394 | D        | Found a radiant altar of Vehumet.
   405 | D        | Reached skill level 11 in Long Blades
   405 | D        | Reached skill level 1 in Invocations
   578 | D        | Bought a wand of acid (6) for 260 gold pieces
   588 | D        | Found a viscous altar of Jiyva.
   588 | D        | Found a corrupted altar of Lugonu.
   588 | D        | Noticed a slime creature
   589 | D        | Found a burning altar of Makhleb.
   589 | D        | Found a shimmering altar of Xom.
   610 | D        | Killed a slime creature
   610 | D        | Reached ** piety under Okawaru
   610 | D        | Reached skill level 12 in Long Blades
   900 | D        | Noticed a kobold demonologist
   903 | D        | Noticed an ice devil
   907 | D        | Noticed a kobold demonologist
   914 | D        | Killed a kobold demonologist
   914 | D        | Reached skill level 13 in Long Blades
   914 | D        | Reached XP level 8. HP: 59/61 MP: 7/9
   916 | D        | Killed a gargoyle
   917 | D        | Reached skill level 14 in Long Blades
   924 | D        | Noticed a rust devil
   927 | D        | Noticed an orange demon
   933 | D        | Killed a kobold demonologist
   933 | D        | Reached skill level 15 in Long Blades
  1027 | D        | Noticed a demonic crawler
  1027 | D        | Noticed a demonic crawler
  1027 | D        | Noticed a demonic crawler
  1027 | D        | Noticed a demonic crawler
  1221 | D        | Noticed a centaur warrior
  1228 | D        | Noticed a centaur warrior
  1261 | D        | Killed a centaur warrior
  1261 | D        | Reached *** piety under Okawaru
  1261 | D        | Reached **** piety under Okawaru
  1261 | D        | Reached skill level 16 in Long Blades
  1261 | D        | Reached XP level 9. HP: 8/66 MP: 7/10
  1266 | D        | HP: 3/66 [centaur warrior (8)]
  1268 | D        | Slain by a centaur warrior

Levels and vault maps discovered:
D:        dungeon_sprint_1 [red_sonja_temple_1, red_sonja_temple_small_1]

Skill      XL: |  1  2  3  4  5  6  7  8 |
---------------+-------------------------+-----
Fighting       | 4 |  4.5
Long Blades    | 3 6 8 10 13 16 | 16.7
Armour         | 4 |  4.5
Shields        | 5 7 10 | 10.3
Invocations    | 1 |  1.7

Action                   |  1- 3 |  4- 6 |  7- 9 || total
-------------------------+-------+-------+-------++-------
Melee: Long sword        |    16 |    21 |    69 ||   106
Invok: Heroism           |       |       |     3 ||     3
 Abil: Dig               |       |     1 |       ||     1
Evoke: Wand              |       |       |     1 ||     1
  Use: Potion            |       |       |     3 ||     3
Armor: Scale mail        |     5 |       |       ||     5
       Chain mail        |       |     2 |    13 ||    15
Dodge: Dodged            |     5 |     4 |    12 ||    21
Block: Shield            |     4 |     7 |    19 ||    30
       Rpst.: Long sword |     2 |       |     3 ||     5

Table legend:
 A = Non-vault XP
 B = Vault XP
 C = Vault XP percentage of total XP
 D = Non-vault monster count
 E = Vault monster count
 F = Vault count percentage of total count
                 A         B        C        D         E       F
            +---------+---------+-------+---------+---------+-------
      Total |       0 |    2672 | 100.0 |       0 |      10 | 100.0
            +---------+---------+-------+---------+---------+-------
          D |       0 |    2672 | 100.0 |       0 |      10 | 100.0
            +---------+---------+-------+---------+---------+-------
